[Event "ICC Open 2015"]
[Site "Internet Chess Club"]
[Date "2015.05.29"]
[Round "5"]
[White "Alekhinne"]
[Black "cap78red"]
[Result "1-0"]
[ICCResult "Black checkmated"]
[WhiteElo "1728"]
[BlackElo "1363"]
[Opening "Alekhine's defense: four pawns attack"]
[ECO "B03"]
[NIC "AL.07"]
[Time "20:08:48"]
[TimeControl "180+0"]

1. e4 Nf6 2. e5 Nd5 3. d4 d6 4. c4 Nb6 5. f4 dxe5 6. fxe5 g6 7. Be3 Bg7 8.
Nc3 c5 9. dxc5 Qxd1+ 10. Rxd1 N6d7 11. Nf3 Nc6 12. Nd5 O-O 13. e6 fxe6 14.
Nc7 Rb8 15. Nxe6 Rf5 16. Nxg7 Kxg7 17. Bd3 Rh5 18. O-O Nxc5 19. Bc2 Bg4 20.
Rd5 Rxd5 21. cxd5 Bxf3 22. Rxf3 Ne5 23. Bd4 Nd7 24. Ba4 Kh6 25. Be3+ g5 26.
Rh3+ Kg6 27. Bc2+ Kg7 28. Rxh7+ Kg8 29. Rxe7 Rc8 30. Bf5 Kf8 31. Rxe5 Re8
32. Rxe8+ Kxe8 33. Bxd7+ Kxd7 34. Bxg5 Kd6 35. h4 Kxd5 36. h5 Ke5 37. h6 Kf5
38. h7 Kxg5 39. h8=Q b5 40. Qe5+ Kg4 41. Qxb5 a5 42. Qxa5 Kf4 43. Qc3 Kf5
44. b4 Ke6 45. b5 Kd7 46. b6 Kd8 47. Qc7+ Ke8 48. b7 Kf8 49. b8=Q#
{Black checkmated}
1-0

[Event "ICC Open 2015"]
[Site "Internet Chess Club"]
[Date "2015.05.29"]
[Round "5"]
[White "Qualm"]
[Black "capatal1"]
[Result "1-0"]
[ICCResult "Black resigns"]
[WhiteElo "1682"]
[BlackElo "1477"]
[Opening "King's Indian: fianchetto, classical variation"]
[ECO "E67"]
[NIC "KI.65"]
[Time "20:08:55"]
[TimeControl "180+0"]

1. d4 Nf6 2. Nf3 g6 3. g3 Bg7 4. Bg2 d6 5. O-O O-O 6. c4 Nbd7 7. Nc3 e5 8.
e3 c6 9. Qc2 exd4 10. exd4 Nb6 11. b3 c5 12. Be3 cxd4 13. Bxd4 h6 14. Rad1
Bf5 15. Qb2 Nbd7 16. Nb5 Ne5 17. Nxe5 dxe5 18. Bxe5 Qb6 19. Rd6 Qc5 20. Bxf6
a6 21. Bxg7 axb5 22. Rd5 Qe7 23. Bxf8 Rxf8 24. Rxb5 Bd3 25. Rd1 Qe2 26. Qxe2
Bxe2 27. Re1 Bg4 28. Rxb7 Be6 29. Bd5 Bxd5 30. cxd5 Rd8 31. Rd1 Rd6 32. a4
f5 33. a5 g5 34. Rc1 Rd8 35. d6 h5 36. d7 Kf8 37. Rc8 Ke7 38. Rxd8 Kxd8 39.
a6 {Black resigns} 1-0

[Event "ICC Open 2015"]
[Site "Internet Chess Club"]
[Date "2015.05.29"]
[Round "5"]
[White "hamballe"]
[Black "vasek"]
[Result "0-1"]
[ICCResult "White forfeits on time"]
[WhiteElo "1422"]
[BlackElo "1286"]
[Opening "Catalan opening"]
[ECO "E00"]
[NIC "CA.01"]
[Time "20:08:07"]
[TimeControl "180+0"]

1. d4 Nf6 2. c4 e6 3. g3 Bb4+ 4. Bd2 Bxd2+ 5. Nxd2 O-O 6. Bg2 c6 7. e4 d5 8.
e5 Nfd7 9. Ne2 b6 10. O-O f6 11. f4 Ba6 12. b3 Bb7 13. Rc1 Re8 14. cxd5 cxd5
15. Qc2 Ba6 16. Rfe1 Nf8 17. Bf1 f5 18. Qc7 Nbd7 19. Qxd8 Rexd8 20. Rc7 Rac8
21. Rd1 Rxc7 22. Rc1 Rxc1 23. Nxc1 Bxf1 24. Kxf1 Rc8 25. Ke2 a6 26. Nd3 b5
27. Nb4 a5 28. Na6 b4 29. Kd3 Rc3+ 30. Ke2 Rc2 31. Nc5 Rxa2 32. Nb7 Ng6 33.
Kd3 a4 34. bxa4 Rxa4 35. Nc5 Ra3+ 36. Ndb3 Ra2 37. Nxd7 Rxh2 38. Ndc5 Rh3
39. Nxe6 Rxg3+ 40. Kc2 Rc3+ 41. Kb2 Rf3 42. Nbc5 Nxf4 43. Nxf4 Rxf4 44. Kb3
Rxd4 45. Ne6 f4 46. Nc5 f3 47. e6 Kf8 48. Na6 f2 49. Nxb4 f1=Q 50. Nxd5 Qc4+
{White forfeits on time}
0-1

[Event "ICC Open 2015"]
[Site "Internet Chess Club"]
[Date "2015.05.29"]
[Round "5"]
[White "orak"]
[Black "Ira57"]
[Result "1-0"]
[ICCResult "Black forfeits on time"]
[WhiteElo "1610"]
[BlackElo "1870"]
[Opening "French: advance, Nimzovich variation"]
[ECO "C02"]
[NIC "FR.03"]
[Time "20:08:09"]
[TimeControl "180+0"]

1. e4 e6 2. d4 d5 3. e5 c5 4. Qg4 cxd4 5. Nf3 Nc6 6. Bd3 Qb6 7. a3 a5 8. O-O
Nge7 9. Re1 Ng6 10. h4 h5 11. Qg3 Nge7 12. Bg5 Qxb2 13. Nbd2 Qb6 14. Nb3 Bd7
15. Rab1 Qa7 16. Bd2 a4 17. Nc1 Nc8 18. c3 dxc3 19. Bxc3 N8e7 20. Ne2 g6 21.
Ned4 Nf5 22. Bxf5 gxf5 23. Nb5 Qb8 24. Nd6+ Bxd6 25. exd6 Rf8 26. Qg5 Qxd6
27. Qxh5 O-O-O 28. Ng5 Qe7 29. Rbc1 f6 30. Bb4 Qg7 31. Nxe6 Rde8 32. Nxg7
Rxe1+ 33. Rxe1 Kc7 34. Bxf8 Kb6 35. Qf7 Bc8 36. Qxf6 Ka7 37. Nxf5 Kb6 38.
Nd6 Bd7 39. Rb1+ Kc7 40. Nb5+ Kb6 41. Nd4+ Ka6 42. Nxc6 Bxc6 43. Bc5 d4 44.
Qxd4 b5 45. Qd6 Kb7 46. Qxc6+ Kxc6 47. Bb4 Kd5 48. h5 {Black forfeits on
time} 1-0

[Event "ICC Open 2015"]
[Site "Internet Chess Club"]
[Date "2015.05.29"]
[Round "5"]
[White "olimpioMD"]
[Black "Smokie"]
[Result "0-1"]
[ICCResult "White checkmated"]
[WhiteElo "1394"]
[BlackElo "1399"]
[Opening "Nimzo-Indian: classical, 4...c5"]
[ECO "E38"]
[NIC "NI.22"]
[Time "20:08:54"]
[TimeControl "180+0"]

1. d4 Nf6 2. c4 e6 3. Nc3 Bb4 4. Qc2 c5 5. Nf3 cxd4 6. Nxd4 Nc6 7. Nxc6 dxc6
8. Bd2 O-O 9. O-O-O Qa5 10. Kb1 e5 11. Ne4 Nxe4 12. Bxb4 Qxb4 13. Qxe4 Re8
14. e3 g6 15. g4 h5 16. h3 Be6 17. b3 Rad8 18. Rxd8 Rxd8 19. Bd3 Qc3 20. Rd1
hxg4 21. hxg4 Bxg4 22. Qxg4 Rxd3 23. Rxd3 Qxd3+ 24. Kb2 Qd2+ 25. Ka3 Qxf2
26. Qc8+ Kg7 27. Qxb7 Qxe3 28. Qxc6 Qc1+ 29. Ka4 Qb2 30. a3 Qd4 31. Qd5 Qxd5
32. cxd5 e4 33. d6 Kf8 34. Kb4 Ke8 35. Kc4 f5 36. b4 f4 37. Kd4 e3 38. Kd3
Kd7 39. b5 Kxd6 40. a4 Kc5 41. Ke2 Kb4 42. Kf3 Kxa4 43. Ke2 Kxb5 44. Kf3 Kc4
45. Ke2 a5 46. Kf3 a4 47. Kxf4 e2 48. Kg5 e1=Q 49. Kxg6 Qf2 50. Kg5 Kd5 51.
Kg4 Ke5 52. Kg5 Qf5+ 53. Kh4 Qg6 54. Kh3 Kf4 55. Kh2 Kf3 56. Kh1 Qg2#
{White checkmated}
0-1

[Event "ICC Open 2015"]
[Site "Internet Chess Club"]
[Date "2015.05.29"]
[Round "5"]
[White "jakemate"]
[Black "random27182"]
[Result "0-1"]
[ICCResult "White checkmated"]
[WhiteElo "1810"]
[BlackElo "1729"]
[Opening "QGD Slav defense"]
[ECO "D18"]
[NIC "SL.01"]
[Time "20:08:30"]
[TimeControl "180+0"]

1. d4 d5 2. c4 c6 3. Nc3 dxc4 4. a4 Nf6 5. e3 Bf5 6. Bxc4 e6 7. Nf3 Nbd7 8.
O-O Be7 9. Nh4 Bg6 10. Qe2 O-O 11. e4 Bh5 12. Qc2 Nxe4 13. Qxe4 Bxh4 14. Bf4
Bg6 15. Qe3 Bf6 16. Rad1 Nb6 17. Bb3 Nd5 18. Nxd5 exd5 19. Rfe1 Qd7 20. Qg3
Rfe8 21. h4 Rxe1+ 22. Rxe1 Re8 23. Rxe8+ Qxe8 24. h5 Qe1+ 25. Kh2 Bxh5 26.
Be3 g6 27. Qb8+ Kg7 28. Qxb7 Bd1 29. Bxd1 Qxd1 30. Qxc6 Qh5+ 31. Kg1 Qd1+
32. Kh2 Qb3 33. Qb5 Qxb5 34. axb5 Bd8 35. Kg3 Kf6 36. f3 Kf5 37. Kf2 h5 38.
Ke2 Bb6 39. Kd3 g5 40. Ke2 g4 41. Kf2 Kg6 42. Kg3 Kf5 43. Kh4 gxf3 44. gxf3
Kg6 45. Kg3 f5 46. Kf4 Bc7# {White checkmated} 0-1

[Event "ICC Open 2015"]
[Site "Internet Chess Club"]
[Date "2015.05.29"]
[Round "5"]
[White "cristoforo"]
[Black "grancaruso"]
[Result "1-0"]
[ICCResult "Black forfeits on time"]
[WhiteElo "1459"]
[BlackElo "1829"]
[Opening "Queen's pawn game"]
[ECO "A45"]
[NIC "QP.07"]
[Time "20:08:07"]
[TimeControl "180+0"]

1. d4 Nf6 2. e3 e6 3. Bd3 c5 4. c3 b6 5. Nd2 Bb7 6. Ngf3 Be7 7. O-O O-O 8.
Ne5 d6 9. Ng4 Nbd7 10. f4 cxd4 11. exd4 Rc8 12. Qe2 Re8 13. Nf2 Qc7 14. Nde4
Nxe4 15. Nxe4 Nf6 16. Nxf6+ Bxf6 17. Qh5 g6 18. Qh3 Bd5 19. g4 Bb7 20. f5
Bg7 21. Bh6 Qc6 22. Bxg7 Kxg7 23. f6+ Kh8 24. Kf2 e5 25. Qh6 Qf3+ 26. Ke1
exd4+ 27. Kd2 Qe3+ 28. Qxe3 dxe3+ 29. Ke2 Re5 30. Rf4 Rce8 31. Rd1 d5 32. h3
h5 33. Bb5 Rd8 34. h4 Kh7 35. g5 Kg8 36. Rfd4 Kf8 37. c4 a6 38. Ba4 Rde8 39.
cxd5 Rf5 40. Kd3 Rf2 41. Re1 Rc8 42. Bb3 Rd2+ 43. Kxe3 Rxb2 44. Kd3 Rd8 45.
d6 Rh2 46. Re7 Rh3+ 47. Kc2 Bc6 48. Rxf7+ Ke8 49. Re7+ Kf8 50. Rf7+ Ke8 51.
Rh7 {Black forfeits on time} 1-0

[Event "ICC Open 2015"]
[Site "Internet Chess Club"]
[Date "2015.05.29"]
[Round "5"]
[White "asithink"]
[Black "Chisel"]
[Result "0-1"]
[ICCResult "White resigns"]
[WhiteElo "2120"]
[BlackElo "1768"]
[Opening "Réti opening"]
[ECO "A04"]
[NIC "QP.11"]
[Time "20:09:13"]
[TimeControl "180+0"]

1. Nf3 Nc6 2. d4 d6 3. Bf4 Nf6 4. e3 g6 5. h3 Bg7 6. Be2 O-O 7. O-O Bf5 8.
c4 Ne4 9. Nc3 e5 10. dxe5 dxe5 11. Bh2 Nxc3 12. bxc3 e4 13. Nd4 Qg5 14. Bf4
Qh4 15. Bxc7 Ne5 16. Qb3 Bxh3 17. gxh3 Qxh3 18. Rfd1 Rac8 19. Qxb7 h5 20.
Bxe5 Bxe5 21. Qxe4 Rfe8 22. Qg2 Qh4 23. Rab1 Rc5 24. f4 Bxd4 25. cxd4 Rxe3
26. dxc5 Rg3 27. c6 Rxg2+ 28. Kxg2 Qxf4 29. Bf3 h4 30. Rh1 Qg3+ 31. Kf1
Qxf3+ 32. Kg1 h3 33. Rb2 Qd1+ 34. Kf2 Qd4+ {White resigns} 0-1

[Event "ICC Open 2015"]
[Site "Internet Chess Club"]
[Date "2015.05.29"]
[Round "5"]
[White "mhb"]
[Black "kingmate"]
[Result "0-1"]
[ICCResult "White resigns"]
[WhiteElo "2558"]
[BlackElo "2216"]
[Opening "French: Albin-Alekhine-Châtard attack"]
[ECO "C13"]
[NIC "FR.06"]
[Time "20:08:18"]
[TimeControl "180+0"]

1. e4 e6 2. d4 d5 3. Nc3 Nf6 4. Bg5 Be7 5. e5 Nfd7 6. h4 h6 7. Bxe7 Qxe7 8.
Qg4 O-O 9. f4 c5 10. dxc5 Nc6 11. Nf3 f6 12. exf6 Nxf6 13. Qg6 Bd7 14. O-O-O
Qxc5 15. Qd3 Nh5 16. Ng5 Rf5 17. g4 Nxf4 18. Qd2 Rff8 19. Bd3 Ne5 20. Bh7+
Kh8 21. Qe1 Nc4 22. Nce4 Qe3+ 23. Nd2 Qxe1 24. Rdxe1 Nxd2 25. Kxd2 hxg5 26.
hxg5 g6 27. Bxg6+ Kg7 28. Rh7+ Kxg6 29. Rxd7 Rad8 30. Rxb7 Kxg5 31. Rxa7 Rf6
32. a4 Ng6 33. Ra6 e5 34. Rxf6 Kxf6 35. a5 e4 36. b4 Ke5 37. c3 Nf4 38. a6
d4 39. a7 e3+ 40. Kd1 e2+ 41. Kd2 d3 42. b5 Kd6 43. c4 Kc5 44. Ra1 Ra8 45.
g5 Ng2 46. g6 Rxa7 47. Rg1 e1=Q+ 48. Rxe1 Nxe1 49. g7 Rxg7 50. Kxe1 Kxc4 51.
b6 Kc3 52. b7 Rxb7 53. Kf2 d2 54. Kg3 Kc2 {White resigns} 0-1

[Event "ICC Open 2015"]
[Site "Internet Chess Club"]
[Date "2015.05.29"]
[Round "5"]
[White "truufseir"]
[Black "Gan-Od"]
[Result "0-1"]
[ICCResult "White checkmated"]
[WhiteElo "1537"]
[BlackElo "2124"]
[Opening "Caro-Kann: advance variation"]
[ECO "B12"]
[NIC "CK.02"]
[Time "20:08:20"]
[TimeControl "180+0"]

1. e4 c6 2. d4 d5 3. e5 c5 4. dxc5 Nc6 5. f4 Nh6 6. Bb5 Bg4 7. Nf3 Nf5 8. b4
e6 9. Bb2 Be7 10. O-O Ne3 11. Qd3 Nxf1 12. Kxf1 Bf5 13. Qd2 O-O 14. a3 a5
15. c3 Qc7 16. Bxc6 bxc6 17. Nd4 Be4 18. a4 Qb7 19. b5 Bxc5 20. bxc6 Qa6+
21. Nb5 Qxc6 22. Ba3 Rfc8 23. Bxc5 Qxc5 24. N1a3 h6 25. Rc1 Rab8 26. h3 Qe7
27. Qd4 Rc6 28. Ra1 Rbc8 29. Nd6 Rxd6 30. exd6 Qxd6 31. Nb5 Qxf4+ 32. Kg1
Rc4 33. Qf2 Qg5 34. Nd6 Rc7 35. Nxe4 dxe4 36. Qd4 e3 37. Re1 e5 38. Qxe3
Qxe3+ 39. Rxe3 f6 40. Kf2 Rc4 41. Kf3 Rxa4 42. Re4 Rxe4 43. Kxe4 a4 44. Kd3
Kf7 45. Kc2 Ke6 46. Kb2 Kd5 47. Ka3 Kc4 48. Kxa4 Kxc3 49. Kb5 e4 50. Kc5 e3
51. Kd5 e2 52. Ke4 e1=Q+ 53. Kf3 Qe6 54. g4 Kd4 55. Kg3 g5 56. Kf3 Qe3+ 57.
Kg2 Ke4 58. Kh2 Kf4 59. h4 Qf2+ 60. Kh3 Qg3# {White checkmated} 0-1

[Event "ICC Open 2015"]
[Site "Internet Chess Club"]
[Date "2015.05.29"]
[Round "5"]
[White "LittlePeasant"]
[Black "lsokol"]
[Result "1-0"]
[ICCResult "Black checkmated"]
[WhiteElo "2798"]
[BlackElo "2347"]
[Opening "King's Indian, 3.Nf3"]
[ECO "E60"]
[NIC "KI.79"]
[Time "20:08:36"]
[TimeControl "180+0"]

1. Nf3 Nf6 2. c4 g6 3. d4 Bg7 4. g3 d6 5. Bg2 O-O 6. O-O Bg4 7. Nc3 Qc8 8.
Re1 h6 9. b3 Re8 10. Bb2 e5 11. dxe5 dxe5 12. e4 c6 13. Qc2 Na6 14. a3 Nc5
15. b4 Bxf3 16. Bxf3 Ne6 17. Ne2 Qc7 18. Rad1 c5 19. bxc5 Qxc5 20. Qb3 b6
21. Kg2 Rac8 22. Rc1 g5 23. h3 h5 24. Kg1 g4 25. hxg4 hxg4 26. Bg2 Red8 27.
Qa4 Rd7 28. Bc3 Rcd8 29. Bb4 Qc7 30. Nc3 Nc5 31. Bxc5 Qxc5 32. Nd5 Ne8 33.
Qd1 Qxa3 34. Qxg4 Qd6 35. Bh3 Rb7 36. Qf3 Qh6 37. Kg2 Nd6 38. Rh1 Qg5 39.
Bf5 Re8 40. Rce1 a5 41. Rh5 Qd8 42. Reh1 a4 43. Rh7 Nxf5 44. Qxf5 Re6 45.
Rh8+ Bxh8 46. Qh7+ Kf8 47. Qxh8# {Black checkmated} 1-0

[Event "ICC Open 2015"]
[Site "Internet Chess Club"]
[Date "2015.05.29"]
[Round "5"]
[White "Psycho-Cowboy"]
[Black "Kiborg95"]
[Result "1-0"]
[ICCResult "Black resigns"]
[WhiteElo "2431"]
[BlackElo "2801"]
[Opening "Philidor: Improved Hanham variation"]
[ECO "B07"]
[NIC "PU.08"]
[Time "20:08:54"]
[TimeControl "180+0"]

1. d4 d6 2. e4 Nf6 3. Nc3 e5 4. Nf3 Nbd7 5. g4 Nxg4 6. Rg1 Ngf6 7. Be3 g6 8.
Qd2 Bg7 9. O-O-O Qe7 10. Bc4 O-O 11. Bh6 Nb6 12. Bb3 exd4 13. Nxd4 c5 14.
Bxg7 Kxg7 15. Nf5+ Bxf5 16. exf5 c4 17. fxg6 fxg6 18. Ba4 d5 19. Rde1 Qc5
20. Qg5 Rac8 21. h4 d4 22. Re5 Qb4 23. a3 Qd6 24. Nb5 Qd7 25. h5 Nxa4 26.
hxg6 h6 27. Qh4 a6 28. Nxd4 Rce8 29. Nf5+ {Black resigns} 1-0

[Event "ICC Open 2015"]
[Site "Internet Chess Club"]
[Date "2015.05.29"]
[Round "5"]
[White "Kyekerz"]
[Black "Lilinstein"]
[Result "0-1"]
[ICCResult "White checkmated"]
[WhiteElo "1261"]
[BlackElo "2604"]
[Opening "Sicilian: Najdorf, Zagreb (fianchetto) variation"]
[ECO "B91"]
[NIC "SI.14"]
[Time "20:09:07"]
[TimeControl "180+0"]

1. e4 c5 2. Nf3 d6 3. d4 cxd4 4. Nxd4 Nf6 5. Nc3 a6 6. g3 e5 7. Nb3 Bg4 8.
Be2 Be6 9. Bg5 Be7 10. Bxf6 Bxf6 11. Nd5 Bg5 12. O-O Nd7 13. Na5 Qxa5 14. b4
Qd8 15. a4 Nb6 16. c4 Bxd5 17. cxd5 O-O 18. b5 axb5 19. Bxb5 Nd7 20. Qg4 Nc5
21. h4 Bd2 22. h5 Qg5 23. Qe2 Bc3 24. Ra3 Bd4 25. g4 g6 26. hxg6 fxg6 27.
Kg2 Rf4 28. Kg3 Nxe4+ 29. Kg2 Rxg4+ 30. Kh3 Qh4# {White checkmated} 0-1

[Event "ICC Open 2015"]
[Site "Internet Chess Club"]
[Date "2015.05.29"]
[Round "5"]
[White "noyb"]
[Black "munch"]
[Result "1-0"]
[ICCResult "Black forfeits on time"]
[WhiteElo "1727"]
[BlackElo "1399"]
[Opening "King's Indian: Torre attack"]
[ECO "A48"]
[NIC "QP.02"]
[Time "20:09:30"]
[TimeControl "180+0"]

1. d4 Nf6 2. Nf3 g6 3. Bg5 h6 4. Bxf6 exf6 5. Nbd2 Bg7 6. g3 O-O 7. Bg2 d6
8. O-O c6 9. e3 Nd7 10. c4 Qb6 11. Qb3 Qxb3 12. Nxb3 f5 13. Nbd2 Nf6 14.
Rab1 Re8 15. b4 Bd7 16. c5 d5 17. a4 Ne4 18. Nxe4 fxe4 19. Nd2 f5 20. b5
Rab8 21. Rb3 cxb5 22. axb5 a6 23. bxa6 bxa6 24. Rfb1 Bb5 25. Bf1 Ra8 26.
Bxb5 axb5 27. Rxb5 Ra2 28. R5b2 Rea8 29. Kf1 Bf8 30. h4 R8a3 31. Rxa2 Rxa2
32. Ke2 Be7 33. Kd1 Bd8 34. Rb8 Ra1+ 35. Ke2 Ra2 36. Rxd8+ Kf7 37. Rxd5 Ke7
38. Re5+ Kf6 39. Re8 Rc2 40. Rb8 g5 41. hxg5+ hxg5 42. Rb4 f4 43. gxf4 gxf4
44. exf4 Kf5 45. Rc4 Rb2 46. c6 Kxf4 47. c7 {Black forfeits on time} 1-0

[Event "ICC Open 2015"]
[Site "Internet Chess Club"]
[Date "2015.05.29"]
[Round "5"]
[White "LordKinbote"]
[Black "achessman"]
[Result "0-1"]
[ICCResult "White resigns"]
[WhiteElo "1417"]
[BlackElo "1949"]
[Opening "Petrov: Nimzovich attack"]
[ECO "C42"]
[NIC "RG.03"]
[Time "20:08:10"]
[TimeControl "180+0"]

1. e4 e5 2. Nf3 Nf6 3. Nxe5 d6 4. Nf3 Nxe4 5. Nc3 Nxc3 6. dxc3 Be7 7. Bd3
O-O 8. O-O Nc6 9. b4 Bf6 10. Bd2 Ne5 11. Nxe5 Bxe5 12. f4 Bf6 13. g4 d5 14.
g5 Be7 15. Qh5 g6 16. Qh6 Re8 17. f5 Bf8 18. Qh4 Qd6 19. Bf4 Qb6+ 20. Kh1 d4
21. Rae1 Bd7 22. Be5 Bc6+ 23. Be4 Rxe5 24. fxg6 fxg6 25. Bxc6 Qxc6+ 26. Kg1
Rxe1 27. Rxe1 dxc3 28. Re2 Qb6+ 29. Kf1 Qxb4 30. Qf2 Bd6 31. Qe3 Rf8+ 32.
Ke1 Qb1+ {White resigns} 0-1

[Event "ICC Open 2015"]
[Site "Internet Chess Club"]
[Date "2015.05.29"]
[Round "5"]
[White "gioachino82"]
[Black "chesstempo2"]
[Result "0-1"]
[ICCResult "White forfeits on time"]
[WhiteElo "1494"]
[BlackElo "1982"]
[Opening "Queen's pawn game"]
[ECO "D04"]
[NIC "QP.08"]
[Time "20:08:00"]
[TimeControl "180+0"]

1. d4 d5 2. e3 Nf6 3. Nf3 c5 4. Be2 Nc6 5. O-O Bf5 6. Nbd2 e6 7. Nh4 Bg6 8.
Nxg6 hxg6 9. c4 cxd4 10. exd4 Nxd4 11. cxd5 Qxd5 12. Bc4 Qd6 13. Qa4+ Nc6
14. g3 Be7 15. Bb5 O-O 16. Nc4 Qc5 17. Be3 Qd5 18. Rad1 Qf3 19. Bxc6 Qxc6
20. Qxc6 bxc6 21. Ne5 Rfc8 22. Rc1 c5 23. Rfd1 Nd5 24. Bd2 Bf6 25. Nc4 Rab8
26. b3 Bd4 27. Kf1 Kf8 28. Rc2 Ke7 29. Rdc1 Rh8 30. h4 Nb4 31. Bxb4 Rxb4 32.
Nd2 Rh5 33. Nf3 Kd6 34. Rd2 Rd5 35. Rdc2 a5 36. Nd2 a4 37. Ne4+ Kc6 38. bxa4
Rxa4 39. Ke2 Kb5 40. Nc3+ Bxc3 41. Rxc3 Rxa2+ 42. R1c2 Rxc2+ 43. Rxc2 c4 44.
Ke3 Kb4 45. Rb2+ Kc3 46. Rb7 Kc2 47. Rc7 c3 48. Rxf7 Kc1 49. Rxg7 c2 50. Rc7
Kd1 51. f4 c1=Q+ 52. Rxc1+ Kxc1 {White forfeits on time} 0-1

[Event "ICC Open 2015"]
[Site "Internet Chess Club"]
[Date "2015.05.29"]
[Round "5"]
[White "supermouse"]
[Black "brawny"]
[Result "1-0"]
[ICCResult "Black forfeits on time"]
[WhiteElo "2691"]
[BlackElo "1837"]
[Opening "Réti opening"]
[ECO "A04"]
[NIC "QP.11"]
[Time "20:08:25"]
[TimeControl "180+0"]

1. Nf3 e6 2. e3 d5 3. b3 f5 4. Bb2 Nf6 5. c4 c6 6. Nc3 Bd6 7. Be2 O-O 8. O-O
Nbd7 9. d4 Qe7 10. Rc1 Ne4 11. g3 g5 12. Ne1 f4 13. Nxe4 dxe4 14. exf4 gxf4
15. Bg4 e5 16. Bxd7 Bxd7 17. dxe5 Bxe5 18. Bxe5 Bh3 19. Bd6 Qe6 20. Bxf8
Rxf8 21. Ng2 f3 22. Nf4 Rxf4 23. Qd8+ Rf8 24. Qg5+ Kh8 25. Rfe1 Bf5 26. Rc3
Bg6 27. Qh6 Rf5 28. Rd1 Qe8 29. Re3 Rh5 30. Qf4 Kg7 31. Rd6 Rf5 32. Qxe4 Qb8
33. Qd4+ Kh6 34. Qh4+ Kg7 35. Re7+ Kg8 36. Qh6 Qf8 37. Rd8
{Black forfeits on time}
1-0

[Event "ICC Open 2015"]
[Site "Internet Chess Club"]
[Date "2015.05.29"]
[Round "5"]
[White "yummy2"]
[Black "BehindBluEyes"]
[Result "1-0"]
[ICCResult "Black resigns"]
[WhiteElo "2656"]
[BlackElo "2273"]
[Opening "French: Tarrasch, closed variation"]
[ECO "C05"]
[NIC "FR.16"]
[Time "20:09:03"]
[TimeControl "180+0"]

1. e4 e6 2. d4 d5 3. Nd2 Nf6 4. e5 Nfd7 5. f4 c5 6. Ngf3 Nc6 7. Nb3 cxd4 8.
Nbxd4 Bc5 9. c3 Qe7 10. Be3 O-O 11. Qd2 f6 12. exf6 Nxf6 13. Bd3 Bd7 14. O-O
a6 15. Kh1 Bd6 16. Rae1 Rae8 17. Nxc6 Bxc6 18. Bd4 Qc7 19. Ne5 g6 20. Bb1
Nh5 21. Qe3 Rf6 22. Nxc6 bxc6 23. Bxf6 Nxf6 24. c4 c5 25. b3 d4 26. Qf3 Qd7
27. Be4 Rf8 28. Bc6 Qc8 29. Ba4 Nh5 30. g3 e5 31. Qd5+ Kh8 32. Qxd6 Rf6 33.
Qxe5 Qh3 34. Qe8+ Kg7 35. Qd7+ Qxd7 36. Bxd7 Rd6 37. Bg4 Nf6 38. Bf3 d3 39.
Rd1 Nd7 40. Rd2 g5 41. Rfd1 gxf4 42. gxf4 Rf6 43. Rxd3 Nf8 44. Rg1+ Kf7 45.
Bd5+ Ke7 46. Rf3 Ng6 47. f5 Nh4 48. Rf4 Nxf5 49. Rgf1 {Black resigns} 1-0

[Event "ICC Open 2015"]
[Site "Internet Chess Club"]
[Date "2015.05.29"]
[Round "5"]
[White "El-Flippo"]
[Black "ehkopean"]
[Result "0-1"]
[ICCResult "White forfeits on time"]
[WhiteElo "1342"]
[BlackElo "1669"]
[Opening "Caro-Kann defense"]
[ECO "B10"]
[NIC "CK.01"]
[Time "20:08:37"]
[TimeControl "180+0"]

1. e4 c6 2. Nf3 d5 3. e5 Bf5 4. d3 e6 5. Bf4 Qb6 6. Qc1 Ne7 7. h3 h6 8. g4
Bh7 9. Bg3 Nd7 10. Bg2 Rc8 11. O-O c5 12. c4 Bxd3 13. cxd5 Bxf1 14. dxe6
Qxe6 15. Qxf1 Ng6 16. Qe2 Be7 17. Nc3 a6 18. Rd1 O-O 19. h4 Rfd8 20. h5 Ngf8
21. Ne4 Qxg4 22. Nd6 Bxd6 {White forfeits on time} 0-1

[Event "ICC Open 2015"]
[Site "Internet Chess Club"]
[Date "2015.05.29"]
[Round "5"]
[White "MichelRocard"]
[Black "airantrobo"]
[Result "0-1"]
[ICCResult "White resigns"]
[WhiteElo "1918"]
[BlackElo "1609"]
[Opening "Sicilian defense"]
[ECO "B40"]
[NIC "SI.43"]
[Time "20:08:55"]
[TimeControl "180+0"]

1. e4 c5 2. Nf3 e6 3. c3 d5 4. exd5 exd5 5. d4 Nc6 6. Be3 c4 7. b3 Nf6 8.
bxc4 dxc4 9. Bxc4 Be7 10. O-O O-O 11. h3 Na5 12. Bd3 Bd7 13. Ne5 Rc8 14. Qf3
Be6 15. Bg5 h6 16. Bxf6 Bxf6 17. Nd2 a6 18. Ne4 Be7 19. Rfe1 b5 20. a4 Bc4
21. Nxc4 Nxc4 22. axb5 axb5 23. Qf5 g6 24. Qxb5 Nd6 25. Nxd6 Bxd6 26. Ra7
Rxc3 27. Bb1 Qf6 28. Qd7 Qf4 29. g3 Qf6 30. Kg2 h5 31. h4 Bb4 32. Re4 Rf3
33. Rf4 Rxf4 34. gxf4 Qxf4 35. Ba2 Be1 36. f3 Qg3+ 37. Kh1 Qxf3+ 38. Kh2
Bg3+ 39. Kg1 Qf2+ {White resigns} 0-1

[Event "ICC Open 2015"]
[Site "Internet Chess Club"]
[Date "2015.05.29"]
[Round "5"]
[White "superpuma"]
[Black "ganesh"]
[Result "1-0"]
[ICCResult "Black forfeits on time"]
[WhiteElo "2027"]
[BlackElo "1610"]
[Opening "Giuoco Pianissimo"]
[ECO "C55"]
[NIC "IG.01"]
[Time "20:08:23"]
[TimeControl "180+0"]

1. e4 e5 2. Nf3 Nc6 3. Bc4 Nf6 4. d3 Bc5 5. O-O O-O 6. c3 d6 7. b4 Bb6 8. a4
a5 9. b5 Ne7 10. Bg5 Ng6 11. Nbd2 h6 12. Be3 Bxe3 13. fxe3 Ng4 14. Qe1 Kh8
15. h3 Nf6 16. Qf2 c6 17. Bb3 cxb5 18. axb5 Qb6 19. Ba4 d5 20. Nh4 Nxh4 21.
Qxh4 Qxe3+ 22. Qf2 Qxd3 23. exd5 Qxd5 24. c4 Qd4 25. Qxd4 exd4 26. Rae1 Be6
27. Rf4 Rfd8 28. c5 Rac8 29. Rc1 Nh5 30. Rh4 Nf6 31. c6 bxc6 32. bxc6 Rd6
33. Rc5 Nd7 34. Rxa5 Nb8 35. Rc5 Nxc6 36. Bxc6 Rcxc6 37. Rxc6 Rxc6 38. Rxd4
Rc1+ 39. Kf2 Kh7 40. g4 Kg6 41. Nf3 Rc2+ 42. Kg3 f5 43. Nh4+ Kf6 44. gxf5
Rc3+ 45. Kh2 Bxf5 46. Rd6+ Ke7 47. Nxf5+ Kf8 48. Rd4 Kf7 49. Nd6+ Ke6 50.
Ne4 Rc2+ 51. Kg3 Ke5 52. Ra4 Rb2 53. Nf2 Rb3+ 54. Kg2 Kf5 55. Rg4 Rb2 56.
Rxg7 Rb3 57. Rg3 Rb4 58. Rf3+ Kg5 59. Kg3 Rb5 60. Ne4+ Kg6 61. Rf6+
{Black forfeits on time}
1-0

[Event "ICC Open 2015"]
[Site "Internet Chess Club"]
[Date "2015.05.29"]
[Round "5"]
[White "alico"]
[Black "holderlin"]
[Result "0-1"]
[ICCResult "White forfeits on time"]
[WhiteElo "1304"]
[BlackElo "1614"]
[Opening "French defense"]
[ECO "C01"]
[NIC "FR.01"]
[Time "20:08:05"]
[TimeControl "180+0"]

1. e4 e6 2. d4 Ne7 3. c4 a6 4. Nc3 d6 5. g3 Nd7 6. Bg2 h6 7. Nf3 h5 8. Nh4
f6 9. O-O g5 10. Nf3 Bg7 11. d5 e5 12. Bxg5 fxg5 13. Nxg5 Nf6 14. f4 Bg4 15.
Qb3 exf4 16. Rxf4 Bh6 17. Ne6 Bxe6 18. Rxf6 Be3+ 19. Kh1 Bc8 20. Nb5 Bg5 21.
Qc3 axb5 22. Raf1 Bxf6 23. Qxf6 Bg4 24. Qxh8+ Kd7 25. Qg7 Qg8 26. Qf6 Qg6
27. Qf4 h4 28. h3 Bh5 29. g4 Bxg4 30. hxg4 Qg7 31. Bh3 Rg8 32. g5+ Kd8
{White forfeits on time}
0-1

[Event "ICC Open 2015"]
[Site "Internet Chess Club"]
[Date "2015.05.29"]
[Round "5"]
[White "Machinegun"]
[Black "kevinice"]
[Result "0-1"]
[ICCResult "White forfeits on time"]
[WhiteElo "2537"]
[BlackElo "1980"]
[Opening "Sicilian: Kan, Maróczy bind (Réti variation)"]
[ECO "B41"]
[NIC "SI.41"]
[Time "20:08:05"]
[TimeControl "180+0"]

1. e4 c5 2. Nf3 e6 3. d4 cxd4 4. Nxd4 a6 5. c4 Nf6 6. Nc3 Bb4 7. Bd3 Qc7 8.
O-O Nc6 9. Nde2 Ne5 10. Bf4 O-O 11. Bg3 b6 12. Rc1 Bb7 13. Kh1 Rac8 14. a3
Be7 15. Bb1 d6 16. b3 Rfd8 17. Qd2 Nh5 18. f4 Nxg3+ 19. Nxg3 Nd7 20. Qe2 Nc5
21. Bc2 Bf6 22. Nd1 d5 23. cxd5 exd5 24. e5 Be7 25. Bf5 Rb8 26. b4 g6 27.
Bb1 Qc6 28. f5 Bg5 29. Rc2 d4 30. Qf2 Nd3 31. Qg1 Qb5 32. e6 fxe6 33. fxg6
hxg6 34. Rc7 Nf4 35. Be4 Bxe4 36. Nxe4 Qe5 37. Nxg5 Qxc7 38. Qf2 e5 39. Qf3
Qb7 40. Ne4 Rf8 41. Ndf2 Ne6 42. Qg4 Nf4 43. Kg1 Kg7 {White forfeits on
time} 0-1